 Dungeon Crawl Stone Soup version 0.30-a0-385-gfebfb9b408 (webtiles) character file.

Game seed: 15502876094179935180

738 IdlyInterested the Trooper (level 7, 0/55 HPs)
             Began as a Demonspawn Wanderer on Dec 2, 2022.
             Slain by an orc
             ... wielding a +0 hand axe
              (6 damage)
             ... on level 5 of the Dungeon.
             The game lasted 00:17:09 (4686 turns).

IdlyInterested the Trooper (Demonspawn Wanderer)    Turns: 4686, Time: 00:17:10

Health: 0/55       AC: 19    Str: 14    XL:     7   Next: 46%
Magic:  13/13      EV:  9    Int: 14    God:
Gold:   218        SH:  0    Dex: 12    Spells: 10/14 levels left

rFire   + . .      SeeInvis .    J - staff of death
rCold   . . .      Faith    .    (no shield)
rNeg    + . .      Spirit   .    v - +2 scale mail {rF+}
rPois   .          Reflect  .    (no helmet)
rElec   .          Harm     .    t - +0 cloak
rCorr   .          Rampage  .    (no gloves)
Will    .....                    (no boots)
Stlth   ..........               i - amulet of the acrobat
HPRegen 0.29/turn                k - +4 ring of protection
MPRegen 0.13/turn                (no ring)

@: confused, ambrosia-drunk, sanguine armoured, on berserk cooldown, slowed,
invisible, very slow
A: foul stench 1, sanguine armour 1, demonic touch 2
a: no special abilities


You were on level 5 of the Dungeon.
You visited 1 branch of the dungeon, and saw 5 of its levels.

You collected 218 gold pieces.

Inventory:

Hand Weapons
 a - a +2 dagger
 g - a +0 spear
 m - a +3 quarterstaff of chaos
 u - a +0 hammer
 D - a +2 dagger of venom
 I - a +1 trident of venom
 K - a +0 rapier
Missiles
 b - 4 curare-tipped darts
 f - 65 stones (quivered)
 o - 9 poisoned darts
Armour
 e - a +0 leather armour
 h - a +0 ring mail
 t - a +0 cloak (worn)
 v - a +2 scale mail of fire resistance (worn)
Magical Staves
 J - a staff of death (weapon)
Jewellery
 i - an amulet of the acrobat (around neck)
 j - a ring of ice
 k - a +4 ring of protection (left hand)
Wands
 l - a wand of flame (22)
 C - a wand of mindburst (16)
Scrolls
 d - 2 scrolls of fog
 n - a scroll of fear {unknown}
 q - a scroll of teleportation
 x - a scroll of vulnerability {unknown}
 y - 2 scrolls of amnesia
 A - 2 scrolls of magic mapping
 E - a scroll of summoning {unknown}
Potions
 r - 3 potions of curing
 w - 2 potions of lignification
 z - a potion of haste
 B - a potion of flight
 G - a potion of mutation
Miscellaneous
 c - a piece from Xom's chessboard (15/15)


   Skills:
 + Level 4.3 Fighting
 + Level 1.0 Staves
 - Level 4.0 Throwing
 - Level 1.0 Armour
 - Level 1.0 Dodging
 - Level 1.0 Stealth
 * Level 4.2 Spellcasting
 * Level 1.9 Conjurations
 - Level 1.0 Earth Magic
 - Level 4.0 Evocations


You had 10 spell levels left.
You knew the following spells:

 Your Spells              Type           Power      Damage    Failure   Level
a - Sandblast             Erth           10%        2d5       50%         1
b - Mephitic Cloud        Conj/Pois/Air  4%         N/A       88%         3

Your spell library contained the following spells:

 Spells                   Type           Power      Damage    Failure   Level
 Magic Dart               Conj           32%        1d4       36%         1
 Call Imp                 Summ           2%         N/A       77%         2
 Stone Arrow              Conj/Erth      14%        3d7       80%         3


Dungeon Overview and Level Annotations

Branches:
Dungeon (5/15)
 Temple: D:4-7

Altars:
Kikubaaqudgha

Annotations:
D:5 Menkaure


Innate Abilities, Weirdness & Mutations

You may rarely emit foul miasma when damaged in melee.
When seriously injured, your blood forms armour. (AC +6)
Your touch may inflict irresistible damage on your foes.


Message History

Menkaure, Prince of Dust comes into view.
The orc wizard shouts!
The orc wizard is engulfed in dark miasma.
The orc wizard looks even sicker.
The orc wizard seems to slow down.
You kill the orc wizard!
You feel a strong urge to attack something.
You feel your anger nearly subside.
You are no longer berserk.
You are exhausted.
You feel yourself slow down. The orc wizard casts a spell at you.
The magic dart hits you.
You feel less confused.
You closely miss the orc priest.
The orc priest hits you with a +0 morningstar.
The orc priest calls down the wrath of Beogh upon you.
Beogh smites you!
* * * LOW HITPOINT WARNING * * *
You hit the orc priest.
You touch the orc priest!
You kill the orc priest!
The scorpion stings you.
* * * LOW HITPOINT WARNING * * *
The orc hits you but does no damage. The scorpion barely misses you.
The orc wizard points at you and mumbles some strange words.
The orc priest appears confused.
The orc wizard points at you and mumbles some strange words.
The orc priest shouts!
The orc priest resists with some effort.
The orc hits you but does no damage.
The orc priest closely misses the quokka.
The orc barely misses you.
Your Staves skill increases to level 1!
You are confused.
You feel invigorated.
The scorpion stings you but does no damage.
Menkaure points at you and mumbles some strange words.
Pain shoots through your body!
* * * LOW HITPOINT WARNING * * *
The orc priest hits you but does no damage.
The orc hits you with a +0 hand axe.
You die...

## ...###.....# ##..
##..o#......#..
.....#..............
.....#.<.##.......# .
........###.o.....#..
.........##.S........
...###...#..roM.....
.. #....)..oo.......
........#.os@..#...
........####...#
.......## #...#
....... ##....
....... .......
..?.... ..#......
#........ ..##.#....
......#.. .#..#. .
......##. .. ##


You could see Menkaure, a scorpion (unable to see you), an orc priest (confused,
unable to see you), 2 orc wizards, an adder (unable to see you), 2 orcs and a
quokka (unable to see you).

Vanquished Creatures
  Grinder (D:3)
  Sigmund (D:5)
  An ogre (D:4)
  Crazy Yiuf (D:2)
  An orc priest (D:5)
  Terence (D:3)
  Ijyb (D:3)
  An iguana (D:5)
  An orc wizard (D:5)
  4 adders
  3 gnolls (D:3)
  3 dart slugs
  5 orcs (D:4)
  5 ball pythons
  8 bats
  4 endoplasms
  A giant cockroach (D:1)
  5 hobgoblins
  2 jackals (D:3)
  3 quokkas
  2 frilled lizards
  6 goblins
  5 kobolds
  6 rats (D:3)
71 creatures vanquished.

Vanquished Creatures (others)
  4 withered plants (D:3)
4 creatures vanquished.

Grand Total: 75 creatures vanquished

Notes
Turn   | Place    | Note
-------+----------+-------------------------------------------
     0 | D:1      | IdlyInterested the Demonspawn Wanderer began the quest for
                  | the Orb.
     0 | D:1      | IdlyInterested set off with the following items: a +2
                  | dagger, 4 curare-tipped darts, a piece from Xom's
                  | chessboard (15/15), a scroll of fog, a +0 leather armour;
                  | and the following spell memorised: Sandblast; and the
                  | following spells available to memorise: Stone Arrow.
     0 | D:1      | Reached XP level 1. HP: 15/15 MP: 2/2
   322 | D:1      | Gained mutation: You may rarely emit foul miasma when
                  | damaged in melee. [demonic ancestry]
   322 | D:1      | Reached XP level 2. HP: 21/21 MP: 3/3
   773 | D:1      | Reached skill level 1 in Armour
  1264 | D:2      | Reached XP level 3. HP: 25/26 MP: 5/5
  1452 | D:2      | Found a runed translucent door.
  1453 | D:2      | Noticed Crazy Yiuf
  1662 | D:2      | Killed Crazy Yiuf
  1663 | D:2      | Reached skill level 1 in Dodging
  1835 | D:2      | Learned a level 3 spell: Mephitic Cloud
  1913 | D:3      | Gained mutation: When seriously injured, your blood forms
                  | armour. (AC +6) [demonic ancestry]
  1913 | D:3      | Reached XP level 4. HP: 31/33 MP: 5/7
  1964 | D:3      | Noticed Ijyb
  1980 | D:3      | Killed Ijyb
  2218 | D:3      | Found an ancient bone altar of Kikubaaqudgha.
  2232 | D:3      | Noticed Grinder
  2232 | D:3      | Paralysed by Grinder for 5 turns
  2245 | D:3      | Killed Grinder
  2246 | D:3      | Gained mutation: Your touch may inflict minor irresistible
                  | damage on your foes. [demonic ancestry]
  2246 | D:3      | Reached XP level 5. HP: 24/40 MP: 7/10
  2246 | D:3      | Reached XP level 6. HP: 28/46 MP: 7/11
  3373 | D:3      | Noticed Terence
  3390 | D:3      | Killed Terence
  4438 | D:5      | Entered Level 5 of the Dungeon
  4475 | D:5      | Noticed Sigmund
  4486 | D:5      | Gained mutation: Your touch may inflict irresistible damage
                  | on your foes. [demonic ancestry]
  4486 | D:5      | Reached XP level 7. HP: 22/53 MP: 12/12
  4488 | D:5      | Killed Sigmund
  4489 | D:5      | Reached skill level 1 in Conjurations
  4678 | D:5      | Noticed Menkaure
  4686 | D:5      | Reached skill level 1 in Staves
  4686 | D:5      | Slain by an orc

Illustrated notes

Levels and vault maps discovered:
D:1:      dpeg_arrival_signposts, layout_loops_ring
D:2:      layout_basic, uniq_crazy_yiuf_cottage
D:3:      layout_loops_corners, kiku_gazebo_garden_becter, uniq_ijyb,
          uniq_terence, uniq_grinder
D:4:      layout_cave_pools, chequers_serial_rivers_micro_d,
          kennysheep_another_room, minmay_between
D:5:      layout_cave_pools, grunt_temple_overflow_order_and_chaos_2,
          gammafunk_ghost_nasty_kobolds, kennysheep_cross_bottleneck,
          uniq_menkaure, uniq_blork_the_orc, uniq_sigmund

Skill      XL: |  1  2  3  4  5  6  7 |
---------------+----------------------+-----
Throwing       | 4 |  4.0
Armour         | 1 |  1.0
Dodging        | 1 |  1.0
Spellcasting   | 2 3 4 |  4.2
Fighting       | 2 3 4 |  4.3
Evocations     | 3 4 |  4.0
Conjurations   | 1 |  1.9
Staves         | 1 |  1.0
Stealth        | |  1.0
Earth Magic    | |  1.0

Action                   |  1- 3 |  4- 6 |  7- 9 || total
-------------------------+-------+-------+-------++-------
Melee: Dagger            |    63 |    76 |       ||   139
       Quarterstaff      |     5 |    34 |       ||    39
       Unarmed           |     1 |       |       ||     1
       Staff             |       |    17 |    20 ||    37
       Touch             |       |    12 |     1 ||    13
       Trident           |       |     1 |       ||     1
       Punch             |       |     1 |       ||     1
Throw: Dart              |     1 |       |       ||     1
       Stone             |       |     1 |       ||     1
 Cast: Sandblast         |     6 |       |       ||     6
Evoke: Wand              |       |     1 |       ||     1
       Piece from Xom's  |       |     1 |       ||     1
  Use: Scroll            |     3 |     7 |       ||    10
       Potion            |     1 |     1 |     3 ||     5
 Stab: Sleeping          |     3 |       |       ||     3
Armor: Leather armour    |    15 |     3 |       ||    18
       Skin              |     1 |       |       ||     1
       Scale mail        |       |    48 |    32 ||    80
Dodge: Dodged            |    48 |    84 |    23 ||   155

Table legend: (Time is in decaauts)
 A = Elapsed time spent in this place.
 B = Non-inter-level travel time spent in this place.
 C = Inter-level travel time spent in this place.
 D = Time resting spent in this place.
 E = Time spent auto-exploring this place.
 F = Levels seen in this place.
 G = Mean time per level.
                   A        B        C        D        E       F      G
               +--------+--------+--------+--------+--------+-----+--------+
         Total |   4707 |   3894 |    813 |    515 |   2497 |   5 |  941.4 |
       Dungeon |   4707 |   3894 |    813 |    515 |   2497 |   5 |  941.4 |
               +--------+--------+--------+--------+--------+-----+--------+

Top non-repeatable levels by time:
     D:2: 1503 daAuts
     D:1: 1217 daAuts
     D:3: 1128 daAuts
     D:4: 701 daAuts
     D:5: 157 daAuts
